3AA
VIRGINIA BEACH DEUCES @ FT. POLK SOUTH THUNDER HAWKS
08/08/2027
 
TOP OF THE 1ST
Virginia Beach Deuces batting - Pitching for Ft. Polk South Thunder Hawks : RHP Tommy Rowe
Pitching: RHP Tommy Rowe
Batting: RHB David Abreu 0-0: Called Strike
0-1: Ball
1-1: Ball
2-1: Ball
3-1: Fly out, F9 (Flyball, 89S)
Batting: RHB James Hill 0-0: Called Strike
0-1: Ball
1-1: Ball
2-1: Foul Ball, location: 2F
2-2: Ball
3-2: Strikes out swinging
Batting: LHB Atílio Mansilhas 0-0: Ball
1-0: Foul Ball, location: 2F
1-1: Foul Ball, location: 2F
1-2: Ball
2-2: Ball
3-2: Foul Ball, location: 2F
3-2: DOUBLE (Line Drive, 9LM)
Batting: SHB Carlos Pérez 0-0: Ball
1-0: Called Strike
1-1: SINGLE (Groundball, 6MD)
Atílio Mansilhas to third
Runner from 3rd tries for Home, SAFE, no throw
Batting: RHB Reg Spiers 0-0: Ball
1-0: Fielders Choice at 2nd, 5-4 (Groundball, 5L)
Top of the 1st over - 1 run(s), 2 hit(s), 0 error(s), 0 left on base; Virginia Beach 1 - Ft. Polk South 0
BOTTOM OF THE 1ST
Ft. Polk South Thunder Hawks batting - Pitching for Virginia Beach Deuces : RHP Orlando Uribe
Pitching: RHP Orlando Uribe
Batting: SHB Kai-xi Choe 0-0: Fly out, F8 (Flyball, 89D)
Pitching: LHP José Carrasco
Batting: RHB Jesús Torres 0-0: Foul Ball, location: 2F
0-1: Ball
1-1: SOLO HOME RUN (Line Drive, 8RXD), Distance : 424 ft
Batting: RHB Walt Shelton 0-0: Called Strike
0-1: Foul Ball, location: 2F
0-2: Ground out 5-3 (Groundball, 56)
Batting: RHB José Morín 0-0: Swinging Strike
0-1: Ball
1-1: Called Strike
1-2: Strikes out swinging
Bottom of the 1st over - 1 run(s), 1 hit(s), 0 error(s), 0 left on base; Virginia Beach 1 - Ft. Polk South 1
TOP OF THE 2ND
Virginia Beach Deuces batting - Pitching for Ft. Polk South Thunder Hawks : RHP Tommy Rowe
Batting: RHB Dennis Dudash 0-0: Ball
1-0: Ball
2-0: Ball
3-0: Called Strike
3-1: Called Strike
3-2: Foul Ball, location: 2F
3-2: Foul Ball, location: 2F
3-2: Foul Ball, location: 2F
3-2: Base on Balls
Batting: RHB Clarence Weber 0-0: Reached on error, E1 (Groundball, P)
Dennis Dudash to second
Batting: RHB Harry Freidricks 0-0: Fly out, F8 (Flyball, 8RM)
Batting: RHB Raleigh Delaney 0-0: Swinging Strike
0-1: SINGLE (Groundball, 6D)
Dennis Dudash to third
Clarence Weber to second
Runner from 3rd tries for Home, SAFE, no throw
Batting: RHB David Abreu 0-0: DOUBLE (Line Drive, 78M)
Clarence Weber scores
Raleigh Delaney to third
Batting: RHB James Hill 0-0: Foul Ball, location: 2F
0-1: Ball
1-1: Ball
2-1: Ball
3-1: Called Strike
3-2: Ground out 1-3 (Groundball, 15S)
Batting: LHB Atílio Mansilhas 0-0: Ball
1-0: Fly out, F4 (Popup, 4)
Top of the 2nd over - 2 run(s), 2 hit(s), 1 error(s), 2 left on base; Virginia Beach 3 - Ft. Polk South 1
BOTTOM OF THE 2ND
Ft. Polk South Thunder Hawks batting - Pitching for Virginia Beach Deuces : LHP José Carrasco
Batting: SHB Lowell Mullins 0-0: Swinging Strike
0-1: Ball
1-1: Swinging Strike
1-2: Ball
2-2: DOUBLE (Flyball, 78D)
Batting: LHB Kelly Drijver 0-0: Called Strike
0-1: Ball
1-1: TRIPLE (Line Drive, 8RXD)
Lowell Mullins scores
Batting: RHB Peter Agulera 0-0: Ball
1-0: Ball
2-0: Foul Ball, location: 2F
2-1: Foul Ball, location: 2F
2-2: Ground out 5-3 (Groundball, 56)
Kelly Drijver scores
Batting: RHB Gregory Shankland 0-0: Ball
1-0: Called Strike
1-1: Called Strike
1-2: Ground out 6-3 (Groundball, 6)
Batting: RHB David Phipps 0-0: Ball
1-0: SINGLE (Groundball, 56D)
Batting: SHB Kai-xi Choe 0-0: Ball
1-0: Called Strike
1-1: SINGLE (Groundball, 56D)
David Phipps to second
Batting: RHB Jesús Torres 0-0: Called Strike
0-1: DOUBLE (Line Drive, 78M)
David Phipps scores
Kai-xi Choe to third
Pitching: RHP Enrique Castillo
Batting: RHB Walt Shelton 0-0: Ball
1-0: Ball
2-0: Ball
3-0: Base on Balls
Batting: RHB José Morín 0-0: Ball
1-0: Called Strike
1-1: Fielders Choice at 2nd, 4-6 (Groundball, 4)
Bottom of the 2nd over - 3 run(s), 5 hit(s), 0 error(s), 2 left on base; Virginia Beach 3 - Ft. Polk South 4
TOP OF THE 3RD
Virginia Beach Deuces batting - Pitching for Ft. Polk South Thunder Hawks : RHP Tommy Rowe
Batting: SHB Carlos Pérez 0-0: Ball
1-0: Called Strike
1-1: Foul Ball, location: 2F
1-2: Foul Ball, location: 2F
1-2: Strikes out looking
Batting: RHB Reg Spiers 0-0: Ball
1-0: Called Strike
1-1: Fly out, F5 (Popup, 5S)
Batting: RHB Dennis Dudash 0-0: SINGLE (Groundball, 4M) (infield hit)
Batting: RHB Clarence Weber 0-0: Ball
Wild Pitch!
Dennis Dudash to second
1-0: Ball
2-0: SINGLE (Flyball, 9S)
Dennis Dudash to third
Runner from 3rd tries for Home, SAFE, no throw
Batting: RHB Harry Freidricks 0-0: Ball
1-0: Foul Ball, location: 2F
1-1: Swinging Strike
1-2: Ball
2-2: Strikes out swinging
Top of the 3rd over - 1 run(s), 2 hit(s), 0 error(s), 1 left on base; Virginia Beach 4 - Ft. Polk South 4
BOTTOM OF THE 3RD
Ft. Polk South Thunder Hawks batting - Pitching for Virginia Beach Deuces : RHP Enrique Castillo
Batting: SHB Lowell Mullins 0-0: Ball
1-0: Ball
2-0: Called Strike
2-1: Swinging Strike
2-2: Foul Ball, location: 2F
2-2: Ball
3-2: Base on Balls
Batting: LHB Kelly Drijver Balk!
Lowell Mullins to second
0-0: Ball
1-0: Ball
2-0: Called Strike
2-1: DOUBLE (Line Drive, 7)
Lowell Mullins scores
Batting: RHB Peter Agulera 0-0: Foul Ball, location: 2F
0-1: Called Strike
0-2: Strikes out swinging
Batting: RHB Gregory Shankland 0-0: Called Strike
0-1: Ball
1-1: Fly out, F2 (Popup, 25)
Batting: RHB David Phipps 0-0: DOUBLE (Line Drive, 9LD)
Kelly Drijver scores
Batting: SHB Kai-xi Choe 0-0: Called Strike
0-1: Called Strike
0-2: Fly out, F9 (Line Drive, 89S)
Bottom of the 3rd over - 2 run(s), 2 hit(s), 0 error(s), 1 left on base; Virginia Beach 4 - Ft. Polk South 6
TOP OF THE 4TH
Virginia Beach Deuces batting - Pitching for Ft. Polk South Thunder Hawks : RHP Tommy Rowe
Batting: RHB Raleigh Delaney 0-0: Called Strike
0-1: Foul Ball, location: 2F
0-2: Ball
1-2: Foul Ball, location: 2F
1-2: Ball
2-2: SINGLE (Flyball, 4D)
Batting: RHB David Abreu 0-0: Ball
Throwing error on steal attempt, E2
Raleigh Delaney to third
1-0: Fly out, F7 (Line Drive, 7)
Runner from 3rd tags up, SCORES, no throw
Batting: RHB James Hill 0-0: Ball
1-0: Called Strike
1-1: Swinging Strike
1-2: Ball
2-2: SOLO HOME RUN (Flyball, 8RXD), Distance : 422 ft
Batting: LHB Atílio Mansilhas 0-0: Ground out 5-3 (Groundball, 56)
Batting: SHB Carlos Pérez 0-0: Ball
1-0: Ball
2-0: Ball
3-0: Base on Balls
Batting: RHB Reg Spiers 0-0: SINGLE (Flyball, 4MD)
Carlos Pérez to second
Batting: RHB Dennis Dudash 0-0: Fly out, F4 (Popup, 3D)
Top of the 4th over - 2 run(s), 3 hit(s), 1 error(s), 2 left on base; Virginia Beach 6 - Ft. Polk South 6
BOTTOM OF THE 4TH
Ft. Polk South Thunder Hawks batting - Pitching for Virginia Beach Deuces : RHP Enrique Castillo
Batting: RHB Jesús Torres 0-0: Ground out 4-3 (Groundball, 4)
Batting: RHB Walt Shelton 0-0: Ball
1-0: Foul Ball, location: 2F
1-1: Ground out 6-3 (Groundball, 6)
Batting: RHB José Morín 0-0: Ball
1-0: Ball
2-0: Called Strike
2-1: Ball
3-1: Swinging Strike
3-2: Base on Balls
Batting: SHB Lowell Mullins 0-0: Ball
José Morín steals 2nd base
1-0: Foul Ball, location: 2F
1-1: Ball
2-1: Swinging Strike
2-2: Strikes out swinging
Bottom of the 4th over - 0 run(s), 0 hit(s), 0 error(s), 1 left on base; Virginia Beach 6 - Ft. Polk South 6
TOP OF THE 5TH
Virginia Beach Deuces batting - Pitching for Ft. Polk South Thunder Hawks : RHP Tommy Rowe
Batting: RHB Clarence Weber 0-0: Called Strike
0-1: Foul Ball, location: 2F
0-2: Strikes out swinging
Batting: RHB Harry Freidricks 0-0: SINGLE (Groundball, 56D)
Batting: RHB Raleigh Delaney 0-0: SINGLE (Groundball, 56D)
Harry Freidricks to second
Batting: RHB David Abreu 0-0: Ball
1-0: Ball
2-0: Ball
3-0: SINGLE (Groundball, 56D)
Harry Freidricks to third
Raleigh Delaney to second
Runner from 3rd tries for Home, SAFE, throw made home
Raleigh Delaney to third
David Abreu to second
Pitching: RHP Rubén Sánchez
Batting: RHB James Hill 0-0: Ball
1-0: Foul Ball, location: 2F
1-1: Foul Ball, location: 2F
1-2: Ball
2-2: Foul Ball, location: 2F
2-2: Strikes out swinging
Batting: LHB Atílio Mansilhas 0-0: Fly out, F8 (Flyball, 78M)
Top of the 5th over - 1 run(s), 3 hit(s), 0 error(s), 2 left on base; Virginia Beach 7 - Ft. Polk South 6
BOTTOM OF THE 5TH
Ft. Polk South Thunder Hawks batting - Pitching for Virginia Beach Deuces : RHP Enrique Castillo
Batting: LHB Kelly Drijver 0-0: Ball
1-0: Fly out, F8 (Flyball, 8RD)
Batting: RHB Peter Agulera 0-0: Called Strike
0-1: Ball
1-1: Foul Ball, location: 2F
1-2: Ball
2-2: Ball
3-2: Foul Ball, location: 2F
3-2: Foul Ball, location: 2F
3-2: Base on Balls
Pitching: RHP Ronaldo Baghina
Batting: RHB Gregory Shankland 0-0: Ball
1-0: Fly out, F8 (Flyball, 8LD)
Batting: RHB David Phipps 0-0: Ball
1-0: Ball
Throwing error on steal attempt, E2
Peter Agulera to third
2-0: Foul Ball, location: 2F
2-1: Foul Ball, location: 2F
2-2: Foul Ball, location: 2F
2-2: Ball
3-2: Base on Balls
Batting: SHB Kai-xi Choe 0-0: Ball
1-0: SINGLE (Groundball, 4D)
Peter Agulera scores
David Phipps to second
Runner from 2nd tries for 3rd, SAFE, throw made to third
Kai-xi Choe to second
Batting: RHB Jesús Torres 0-0: Called Strike
0-1: Ball
1-1: Swinging Strike
1-2: Ball
2-2: Strikes out swinging
Bottom of the 5th over - 1 run(s), 1 hit(s), 1 error(s), 2 left on base; Virginia Beach 7 - Ft. Polk South 7
TOP OF THE 6TH
Virginia Beach Deuces batting - Pitching for Ft. Polk South Thunder Hawks : RHP Rubén Sánchez
Batting: SHB Carlos Pérez 0-0: Ball
1-0: Foul Ball, location: 2F
1-1: Called Strike
1-2: Strikes out looking
Batting: RHB Reg Spiers 0-0: Called Strike
0-1: Called Strike
0-2: Foul Ball, location: 2F
0-2: Ball
1-2: SINGLE (Line Drive, 78M)
Batting: RHB Dennis Dudash 0-0: Called Strike
0-1: Foul Ball, location: 2F
0-2: Strikes out swinging
Batting: RHB Clarence Weber 0-0: Ball
1-0: Foul Ball, location: 2F
1-1: Foul Ball, location: 2F
1-2: SINGLE (Line Drive, 6MD)
Reg Spiers to second
Reg Spiers to third
Batting: RHB Harry Freidricks 0-0: Ball
1-0: Ball
2-0: Fielders Choice at 2nd, 4-6 (Groundball, 4)
Top of the 6th over - 0 run(s), 2 hit(s), 0 error(s), 1 left on base; Virginia Beach 7 - Ft. Polk South 7
BOTTOM OF THE 6TH
Ft. Polk South Thunder Hawks batting - Pitching for Virginia Beach Deuces : RHP Ronaldo Baghina
Batting: RHB Walt Shelton 0-0: Fly out, F7 (Flyball, 7LSF)
Batting: RHB José Morín 0-0: Called Strike
0-1: DOUBLE (Flyball, 89D)
Batting: SHB Lowell Mullins 0-0: Called Strike
José Morín steals 3rd base
0-1: Foul Ball, location: 2F
0-2: Ball
1-2: Ball
2-2: Foul Ball, location: 2F
2-2: Ball
3-2: Foul Ball, location: 2F
3-2: Fly out, F9 (Flyball, 9LM)
Runner from 3rd tags up, SCORES, no throw
Batting: LHB Kelly Drijver 0-0: Called Strike
0-1: Ball
1-1: Fly out, F6 (Popup, 6MS)
Bottom of the 6th over - 1 run(s), 1 hit(s), 0 error(s), 0 left on base; Virginia Beach 7 - Ft. Polk South 8
TOP OF THE 7TH
Virginia Beach Deuces batting - Pitching for Ft. Polk South Thunder Hawks : RHP Rubén Sánchez
Batting: RHB Raleigh Delaney 0-0: Ball
1-0: Ground out 5-3 (Groundball, 56S)
Batting: RHB David Abreu 0-0: Foul Ball, location: 2F
0-1: Ball
1-1: Ball
2-1: Foul Ball, location: 2F
2-2: SINGLE (Groundball, 6MD)
Pinch Hitting: LHB Alfonso Núńez 0-0: Ball
1-0: Ball
2-0: Ball
3-0: Called Strike
3-1: Called Strike
3-2: Foul Ball, location: 2F
3-2: Foul Ball, location: 2F
3-2: Base on Balls
David Abreu to second
Batting: LHB Atílio Mansilhas 0-0: Called Strike
0-1: Ball
1-1: Ball
2-1: Ball
3-1: Called Strike
3-2: Foul Ball, location: 2F
3-2: Strikes out swinging
Batting: SHB Carlos Pérez 0-0: Called Strike
0-1: Fielders Choice at 2nd, 5-4 (Groundball, 56)
Top of the 7th over - 0 run(s), 1 hit(s), 0 error(s), 1 left on base; Virginia Beach 7 - Ft. Polk South 8
BOTTOM OF THE 7TH
Ft. Polk South Thunder Hawks batting - Pitching for Virginia Beach Deuces : RHP Ronaldo Baghina
Now at 2B: Ramón Castro
Batting: RHB Peter Agulera 0-0: Called Strike
0-1: Ball
1-1: Foul Ball, location: 2F
1-2: Ball
2-2: Foul Ball, location: 2F
2-2: Strikes out swinging
Batting: RHB Gregory Shankland 0-0: Fly out, F7 (Flyball, 7LS)
Batting: RHB David Phipps 0-0: Ball
1-0: Ball
2-0: Foul Ball, location: 2F
2-1: Called Strike
2-2: Fly out, F5 (Popup, 56)
Bottom of the 7th over - 0 run(s), 0 hit(s), 0 error(s), 0 left on base; Virginia Beach 7 - Ft. Polk South 8
TOP OF THE 8TH
Virginia Beach Deuces batting - Pitching for Ft. Polk South Thunder Hawks : RHP Rubén Sánchez
Batting: RHB Reg Spiers 0-0: Foul Ball, location: 2F
0-1: Ball
1-1: Fly out, F8 (Flyball, 8LM)
Pitching: LHP Billy Grange
Batting: RHB Dennis Dudash 0-0: Foul Ball, location: 2F
0-1: Swinging Strike
0-2: Strikes out swinging
Pitching: RHP Jack Ward
Batting: RHB Clarence Weber 0-0: Ball
1-0: Ball
2-0: Called Strike
2-1: Fly out, F7 (Flyball, 7)
Top of the 8th over - 0 run(s), 0 hit(s), 0 error(s), 0 left on base; Virginia Beach 7 - Ft. Polk South 8
BOTTOM OF THE 8TH
Ft. Polk South Thunder Hawks batting - Pitching for Virginia Beach Deuces : RHP Ronaldo Baghina
Batting: SHB Kai-xi Choe 0-0: Foul Ball, location: 2F
0-1: Ball
1-1: DOUBLE (Line Drive, 9LM)
Pinch Hitting: RHB César Villarreal 0-0: Called Strike
0-1: Foul Ball, location: 2F
0-2: Ball
1-2: Strikes out swinging
Batting: RHB Walt Shelton 0-0: Ball
1-0: Swinging Strike
1-1: Ball
2-1: Called Strike
2-2: Ball
3-2: Strikes out looking
Pitching: RHP Shigeko Sakoda
Batting: RHB José Morín 0-0: Ball
1-0: Called Strike
1-1: Fly out, F8 (Flyball, 8RD)
Bottom of the 8th over - 0 run(s), 1 hit(s), 0 error(s), 1 left on base; Virginia Beach 7 - Ft. Polk South 8
TOP OF THE 9TH
Virginia Beach Deuces batting - Pitching for Ft. Polk South Thunder Hawks : RHP Jack Ward
Pitching: RHP Joey Hamman
Now in LF: César Villarreal
Pinch Hitting: LHB Félix González 0-0: Ball
1-0: Ground out 4-3 (Groundball, 4)
Pinch Hitting: RHB Zander Bailey 0-0: Ball
1-0: Called Strike
1-1: Ball
2-1: Ball
3-1: Foul Ball, location: 2F
3-2: Strikes out looking
Pinch Hitting: LHB Salvadaro Meireles 0-0: Fly out, F8 (Flyball, 8RM)
Top of the 9th over - 0 run(s), 0 hit(s), 0 error(s), 0 left on base; Virginia Beach 7 - Ft. Polk South 8
Saturday, May 26th, 2018 - OOTP Baseball 17.12 Build 75